 Dungeon Crawl Stone Soup version 0.31.0-32-g396128a36d (webtiles) character file.

Game seed: 11556208461442757425

1939 hawla the Protected (level 8, -3/96 HPs)
             Began as a Minotaur Fighter on Mar 17, 2024.
             Slain by a troll (9 damage)
             ... on level 7 of the Dungeon.
             The game lasted 00:14:53 (4845 turns).

hawla the Protected (Minotaur Fighter)              Turns: 4845, Time: 00:14:54

Health: -3/96      AC: 24    Str: 20    XL:     8   Next: 97%
Magic:  7/7        EV:  2    Int:  7    God:
Gold:   28         SH:  0    Dex: 13    Spells: 7/7 levels left

rFire   + . .        a - +0 long sword
rCold   + . .        c - +1 buckler
rNeg    . . .        o - melded +0 chain mail
rPois   +            (helmet currently unavailable)
rElec   .            (cloak currently unavailable)
rCorr   +            (gloves currently unavailable)
SInv    .            i - melded +1 pair of boots
Will    .....        j - amulet of regeneration
Stlth   +            (no ring)
HPRegen 1.16/turn    v - ring "Xurgh" {rPois rF+ rC+ rCorr Int+2}
MPRegen 0.10/turn

%: no passive effects
@: confused, tree-form, ambrosia-drunk
A: stationary, stasis, torment immunity, boosted hp, (horns 2), (retaliatory
headbutt), inability to drink after injury 1
a: no special abilities


You were on level 7 of the Dungeon.
You were a tree.
You visited 2 branches of the dungeon, and saw 9 of its levels.

You collected 370 gold pieces.
You spent 342 gold pieces at shops.

Inventory:

Hand Weapons
 a - a +0 long sword (weapon)
 b - the +4 hand axe of Charmed True Grit {flame, *Corrode Int+3 Dex+2}
   (You found it on level 4 of the Dungeon)

   Int+3:     It affects your intelligence (+3).
   Dex+2:     It affects your dexterity (+2).
   *Corrode:  It may corrode you when you take damage.
 A - a +6 dagger
Missiles
 g - 14 poisoned darts (quivered)
Armour
 c - a +1 buckler (worn)
 i - a +1 pair of boots (melded)
 o - a +0 chain mail (melded)
Jewellery
 j - an amulet of regeneration (around neck)
 l - an amulet of the acrobat
 v - the ring "Xurgh" (right branch) {rPois rF+ rC+ rCorr Int+2}
   (You found it on level 5 of the Dungeon)

   [ring of poison resistance]

   Int+2:     It affects your intelligence (+2).
   rF+:       It protects you from fire.
   rC+:       It protects you from cold.
   rPois:     It protects you from poison rCorr: It protects you from acid and
   corrosion.
Wands
 t - a wand of acid (4)
Scrolls
 e - 3 scrolls of vulnerability
 m - a scroll of butterflies {unknown}
 n - 2 scrolls of fog
 p - a scroll of noise
 u - a scroll of teleportation
 x - 2 scrolls of enchant weapon
 y - a scroll of identify
 z - 3 scrolls of poison
Potions
 d - 3 potions of might
 f - 2 potions of ambrosia
 h - 3 potions of attraction
 k - a potion of lignification
 q - a potion of brilliance {unknown}
 r - a potion of invisibility {unknown}
 s - 2 potions of curing {unknown}
 w - 3 potions of heal wounds {unknown}


   Skills:
 - Level 3.6 Fighting
 + Level 5.2 Long Blades
 - Level 6.0 Throwing
 - Level 10.0 Armour
 - Level 3.0 Dodging
 - Level 5.0 Shields
 - Level 2.0 Evocations


You had 7 spell levels left.
You didn't know any spells.
Your spell library was empty.

Dungeon Overview and Level Annotations

Branches:
Dungeon (8/15)             Temple (1/1) D:6
   Lair: D:8-11

Altars:
Ashenzari
Cheibriados
Dithmenos
Elyvilon
Fedhas
Gozag
Kikubaaqudgha
Makhleb
Nemelex Xobeh
Okawaru
Qazlal
Ru
Sif Muna
Trog
Uskayaw
Vehumet
Zin

Shops:
D:5 ?


Innate Abilities, Weirdness & Mutations

You are a tree.
Your roots penetrate the ground, keeping you stationary.
You cannot be teleported.
You are immune to unholy pain and torment.
Your maximum health is greatly increased.
Your equipment is partially melded.
((You have a pair of horns on your head.))
((You reflexively headbutt those who attack you in melee.))
You occasionally lose the ability to drink potions when taking damage.


Message History

The troll claws you but does no damage.
You hit the troll.
The troll is almost dead.
The troll bites you.
* * * LOW HITPOINT WARNING * * *
The troll claws you.
* * * LOW HITPOINT WARNING * * *
You block the troll's attack.
You hit the troll.
The troll is almost dead.
The troll bites you but does no damage. The troll claws you but does no damage.
You block the troll's attack.
You completely miss the troll.
The troll is almost dead.
The troll bites you.
* * * LOW HITPOINT WARNING * * *
The troll claws you.
* * * LOW HITPOINT WARNING * * *
You block the troll's attack.
You hit the troll but do no damage.
The troll is almost dead.
The troll bites you but does no damage.
The troll claws you but does no damage. x2
You hit the troll.
The troll is almost dead.
The troll bites you.
* * * LOW HITPOINT WARNING * * *
The troll claws you but does no damage. x2
You hit the troll.
The troll is almost dead.
The troll bites you!
* * * LOW HITPOINT WARNING * * *
The troll claws you but does no damage. x2; You block the troll's attack.
The troll claws you but does no damage. x2
You are confused.
You feel invigorated. The troll bites you but does no damage.
The troll claws you but does no damage. x2
You swing at nothing.
The troll bites you!
* * * LOW HITPOINT WARNING * * *
The troll claws you!
You die...

#....'[. .#########
#.⌠..#†. .........#
#..⌠.#.. .........#
#....#.. .........####
#'###### ............#
#....# ............# #....#
............# #....#
########..♣.# #...>#
########...T#############
................... ...# ##
......##....##..######.###)
................#........).
# ##>.....#.##.####.####
##.....#..#....#.....
###.#.#.......#..###
...#.#..#.#...(....


You could see a troll.

Vanquished Creatures
  A vampire mosquito (D:7)
  Menkaure (D:6)
  A water moccasin (D:5)
  An ice beast (D:6)
  An orc warrior (D:7)
  2 ogres (D:3)
  A centaur (D:7)
  2 phantoms
  Blork the orc (D:4)
  3 scorpions
  A wight (D:7)
  A vampire bat (D:4)
  A jelly (D:6)
  An orc priest (D:4)
  2 hounds
  2 iguanas (D:6)
  A sleepcap (D:6)
  Jessica (D:2)
  4 orc wizards
  3 gnolls (D:6)
  8 adders
  2 shadow imps (D:6)
  2 white imps (D:7)
  2 ufetubi (D:5)
  5 ribbon worms
  A dart slug (D:2)
  3 fire bats (D:4)
  22 orcs
  2 spectral bats (D:4)
  3 bat skeletons (D:4)
  A bat zombie (D:4)
  6 endoplasms
  4 giant cockroaches
  5 goblins
  4 hobgoblins
  6 jackals
  4 kobolds
  6 quokkas
  11 ball pythons
  18 bats
  A bat simulacrum (D:4)
  4 frilled lizards
  5 rats
156 creatures vanquished.

Notes
Turn   | Place    | Note
-------+----------+-------------------------------------------
     0 | D:1      | hawla the Minotaur Fighter began the quest for the Orb.
     0 | D:1      | Reached XP level 1. HP: 19/19 MP: 0/0
    72 | D:1      | Reached skill level 1 in Dodging
   255 | D:1      | Reached XP level 2. HP: 26/26 MP: 1/1
   581 | D:2      | Reached XP level 3. HP: 24/31 MP: 2/2
   870 | D:2      | Reached XP level 4. HP: 39/39 MP: 3/3
   892 | D:2      | Noticed Jessica
   895 | D:2      | Killed Jessica
   896 | D:2      | Reached skill level 5 in Shields
   896 | D:2      | Reached skill level 1 in Throwing
  1103 | D:3      | Noticed a scorpion
  1124 | D:3      | Killed a scorpion
  1125 | D:3      | Reached XP level 5. HP: 34/45 MP: 4/4
  1296 | D:3      | Noticed an ogre
  1360 | D:3      | Killed an ogre
  1361 | D:3      | Reached XP level 6. HP: 26/51 MP: 5/5
  1526 | D:3      | Found a faded altar of an unknown god.
  1526 | D:3      | Noticed a hell beast
  1932 | D:3      | Reached skill level 5 in Throwing
  1971 | D:3      | You fall into a shaft and drop 1 floor!
  1972 | D:4      | Found a sparkling altar of Nemelex Xobeh.
  1974 | D:4      | Identified the +4 hand axe of Charmed True Grit {flame,
                  | *Corrode Int+3 Dex+2}
  2145 | D:4      | Noticed Blork the orc
  2147 | D:4      | Reached XP level 7. HP: 57/57 MP: 6/6
  2157 | D:4      | Killed Blork the orc
  2158 | D:4      | Reached skill level 4 in Armour
  2283 | D:4      | Reached skill level 5 in Armour
  2458 | D:4      | Reached skill level 6 in Armour
  2663 | D:5      | Entered Level 5 of the Dungeon
  2726 | D:5      | Reached skill level 7 in Armour
  2731 | D:5      | Identified the ring "Xurgh" {rPois rF+ rC+ rCorr Int+2}
  2788 | D:5      | Found a sacrificial altar of Ru.
  2855 | D:5      | Reached skill level 8 in Armour
  2855 | D:5      | Reached XP level 8. HP: 62/64 MP: 7/7
  2976 | D:5      | Found Sear's Magic Scroll Shop.
  2997 | D:5      | Bought a scroll of blinking for 90 gold pieces
  2997 | D:5      | Bought a scroll of enchant weapon for 90 gold pieces
  2997 | D:5      | Bought a scroll of poison for 48 gold pieces
  3060 | D:5      | Found a bloodstained altar of Trog.
  3064 | D:5      | Found a shimmering blue altar of Sif Muna.
  3498 | D:6      | Reached skill level 9 in Armour
  3586 | D:6      | Found a broken altar of Ashenzari.
  3636 | D:6      | Found a staircase to the Ecumenical Temple.
  3667 | Temple   | Entered the Ecumenical Temple
  3961 | D:6      | Noticed Menkaure
  3971 | D:6      | Killed Menkaure
  3972 | D:6      | Reached skill level 10 in Armour
  4045 | D:5      | Bought a scroll of enchant weapon for 90 gold pieces
  4045 | D:5      | Bought a scroll of identify for 24 gold pieces
  4066 | D:7      | Gained mutation: You occasionally lose the ability to drink
                  | potions when taking damage. [potion of mutation]
  4104 | D:7      | Reached skill level 1 in Evocations
  4292 | D:7      | Identified the +5 trident of Fynosuc {heavy, rF- rC+ rN+
                  | Dex+2}
  4682 | D:7      | Noticed a troll
  4791 | D:7      | Reached skill level 5 in Long Blades
  4812 | D:7      | Noticed a white ugly thing
  4812 | D:7      | Noticed an eight-headed hydra
  4843 | D:7      | HP: 3/96 [troll (11)]
  4845 | D:7      | Slain by a troll

Illustrated notes

Levels and vault maps discovered:
D:1:      pf_arrival_petrified_forest, layout_rooms
D:2:      minmay_door_path, layout_basic, kennysheep_jessica_study
D:3:      layout_basic, dreamdust_ecumenical_altar_sealed_demon, minmay_unequal,
          uniq_jessica
D:4:      minmay_evil_eye, layout_cave_pools, amcnicky_altar_gilded,
          goddamned_bats, uniq_blork_the_orc
D:5:      layout_rooms, hellmonk_overflow_destroyed_library,
          nicolae_ru_the_path_less_chosen, serial_shops,
          nicolae_shop_tiny_glass, grunt_ministairs_14, minivault_14,
          minmay_misc_feat_diagonals, chequers_serial_rivers_room_b
D:6:      layout_basic, mainiacjoe_overflow_24_doors, temple_fountains,
          uniq_menkaure
D:7:      minmay_klotski, layout_basic
D:8:      layout_basic, serial_shops, nicolae_shop_real_fake_doors,
          nicolae_shop_tiny_real_fake_doors, roderic_roman_lattice,
          nicolae_inconvenience_store, hangedman_incinerator, uniq_psyche,
          uniq_pikel, uniq_jeremiah
Temple:   nicolae_temple_x_marks_the_god

Skill      XL: |  1  2  3  4  5  6  7  8 |
---------------+-------------------------+-----
Dodging        | 1 3 |  3.0
Shields        | 4 5 |  5.0
Throwing       | 2 4 6 |  6.0
Armour         | 8 10 | 10.0
Evocations     | 2 |  2.0
Long Blades    | 5 |  5.2
Fighting       | |  3.6

Action                     |  1- 3 |  4- 6 |  7- 9 || total
---------------------------+-------+-------+-------++-------
  Melee: Long sword        |    98 |   154 |   257 ||   509
         Headbutt          |    10 |    24 |    51 ||    85
  Throw: Dart              |       |     8 |       ||     8
    Use: Scroll            |     2 |     4 |     9 ||    15
         Potion            |       |     3 |     3 ||     6
 Armour: Scale mail        |    57 |    85 |       ||   142
         Chain mail        |       |    62 |   296 ||   358
         Skin              |       |       |    33 ||    33
  Dodge: Dodged            |    55 |    78 |   160 ||   293
  Block: Buckler           |    26 |    49 |   110 ||   185
